 Dungeon Crawl Stone Soup version 0.28.0-45-g0d030f2227 (webtiles) character file.

Game seed: 6481194223944679792

43 seaoflcl the Slasher (level 3, -1/29 HPs)
             Began as a Human Berserker on Apr 10, 2022.
             Was a Follower of Trog.
             Frozen to death by an endoplasm (4 damage)
             ... on level 2 of the Dungeon.
             The game lasted 00:03:37 (1485 turns).

seaoflcl the Slasher (Human Berserker)              Turns: 1485, Time: 00:03:37

Health: -1/29      AC:  4    Str: 19    XL:     3   Next: 82%
Magic:  3/3        EV: 12    Int:  7    God:    Trog [*.....]
Gold:   27         SH:  0    Dex: 12    Spells: 2/2 levels left

rFire   . . .      SeeInvis .   a - +0 falchion
rCold   . . .      Faith    .   (no shield)
rNeg    . . .      Spirit   .   b - +0 animal skin
rPois   .          Reflect  .   (no helmet)
rElec   .          Harm     .   j - +0 cloak
rCorr   .          Rampage  .   (no gloves)
Will    .....                   h - +0 pair of boots
Stlth   +.........              (no amulet)
HPRegen 0.09/turn               (no ring)
MPRegen 0.08/turn               (no ring)

@: attractive
A: no striking features
a: Renounce Religion, Berserk


You were on level 2 of the Dungeon.
You worshipped Trog.
Trog was aware of your devotion.
You visited 1 branch of the dungeon, and saw 2 of its levels.

You collected 27 gold pieces.

Inventory:

Hand Weapons
 a - a +0 falchion (weapon)
 c - a +0 dagger
 i - a +0 hand axe
Armour
 b - a +0 animal skin (worn)
 g - a scarf of resistance
 h - a +0 pair of boots (worn)
 j - a +0 cloak (worn)
Scrolls
 d - a scroll of fog {unknown}
 e - a scroll of immolation {unknown}
 f - a scroll of enchant weapon {unknown}


   Skills:
 + Level 3.4 Fighting
 + Level 3.6 Long Blades
 + Level 2.1 Armour
 + Level 2.5 Dodging
 + Level 0.3 Stealth


You had 2 spell levels left.
You didn't know any spells.
Your spell library contained the following spells:

 Spells                   Type           Power      Damage    Failure   Level
 Sting                    Tmut/Pois      0%         1d3       43%         1
 Poisonous Vapours        Pois/Air       0%         N/A       56%         2
 Olgreb's Toxic Radiance  Pois           0%         N/A       99%         4


Dungeon Overview and Level Annotations

Branches:
Dungeon (2/15)

Altars:


Message History

The adder misses you. The adder bites you but does no damage.
You closely miss the adder.
The adder is heavily wounded.
The adder misses you.
It was a potion of attraction.
You feel attractive to monsters. The adder bites you but does no damage.
The adder barely misses you.
You hit the adder.
The adder is almost dead.
The adder bites you.
* * * LOW HITPOINT WARNING * * *
You are poisoned.
The adder poisons you!
You closely miss the adder.
The adder is almost dead.
* * * LOW HITPOINT WARNING * * *
You feel sick. The adder barely misses you.
You hit the adder.
You kill the adder!
Trog accepts your kill.
You feel sick.
You feel sick.
You feel sick.
You are no longer poisoned.
You see here an adder corpse.
You see here a +0 pair of boots.
h - a +0 pair of boots You start putting on your armour.
You continue putting on your +0 pair of boots. x4
You finish putting on your +0 pair of boots.
An endoplasm comes into view.
The endoplasm is attracted toward you.
The endoplasm quivers.
The endoplasm is attracted toward you.
An endoplasm comes into view.
Found a falchion.
The endoplasm is attracted toward you.
Found a chain mail.
The endoplasm freezes you.
You are frozen.
You die...

...#.............
###..#........###
#.##.....#..# #.
#.....#..# .
#.....# .# .
#.##### . #.#
#..####J#
#.....@.#
[..######.....#
.....# ...)...
J....## .....#
.....# .ยง...#


You could see an endoplasm.

Vanquished Creatures
  2 adders (D:2)
  An endoplasm (D:1)
  A giant cockroach (D:1)
  4 goblins (D:1)
  3 hobgoblins (D:1)
  4 jackals (D:1)
  3 kobolds (D:1)
  A ball python (D:1)
  2 bats (D:1)
  A frilled lizard (D:1)
  A rat (D:1)
23 creatures vanquished.

Notes
Turn   | Place    | Note
-------+----------+-------------------------------------------
     0 | D:1      | seaoflcl the Human Berserker began the quest for the Orb.
     0 | D:1      | Reached XP level 1. HP: 18/18 MP: 1/1
   174 | D:1      | Reached XP level 2. HP: 15/24 MP: 2/2
  1086 | D:1      | Reached XP level 3. HP: 19/29 MP: 3/3
  1466 | D:2      | HP: 1/29 [poisoned by an adder]
  1485 | D:2      | Frozen to death by an endoplasm

Illustrated notes

Levels and vault maps discovered:
D:1:      lemuel_arrival_cross, layout_loops_corners
D:2:      layout_rooms, minmay_misc_feat_columns

Action                   || total
-------------------------++-------
Melee: Falchion          ||   100
Invok: Berserk           ||     1
  Use: Potion            ||     1
 Stab: Sleeping          ||     1
Armor: Animal skin       ||    12
Dodge: Dodged            ||    79
